AoeStats
← Bandolero

Arabia

508288714Analyzed
1v1 RM · 10d ago on Sep 21, 2026· 66m 24s· 2 players
Game mode
Random Map
Map size
Tiny (2 player)
Population
200
Speed
Normal
Resources
Standard
Victory
Conquest
Starting age
Dark Age
Ending age
Imperial Age
RankedLock teamsTeams togetherTeam positionsShared explorationLock speedFull tech treeHidden civsTurbo modeCheats
Victory
Defeat
🇫🇷 Lithuanians · France
1334
+16
🇦🇷 Maya · Argentina
1342
-16
Valwe
5:31 Loom
8:55 Feudal Age
9:41 Man-at-Arms
15:16 Bloodlines
21:10 Castle Age
19:06 Horse Collar
19:38 Double-Bit Axe
20:58 Scale Barding Armor
20:56 Gold Mining
22:48 Chain Barding Armor
23:55 Husbandry
24:17 Forging
27:29 Devotion
28:38 Fervor
29:24 Iron Casting
31:37 Wheelbarrow
30:51 Town Watch
38:47 Imperial Age
37:30 Bow Saw
37:24 Heavy Plow
38:44 Hand Cart
39:55 Conscription
38:56 Cavalier
40:19 Plate Barding Armor
41:32 Light Cavalry
42:27 Fletching
44:49 Winged Hussar
53:15 Elite Skirmisher
54:00 Thumb Ring
54:58 Bodkin Arrow
55:30 Padded Archer Armor
56:11 Bracer
59:30 Leather Archer Armor
61:16 Tower Shields
61:50 Ring Archer Armor
65:15 Ballistics
65:55 Chemistry
Bandolero
0:26 Loom
9:03 Feudal Age
9:39 Double-Bit Axe
14:42 Fletching
21:29 Castle Age
20:27 Padded Archer Armor
20:19 Gold Mining
21:34 Crossbowman
22:21 Bodkin Arrow
25:07 Bow Saw
25:49 Town Watch
27:17 Leather Archer Armor
31:07 Ballistics
31:46 Wheelbarrow
32:14 Thumb Ring
33:11 Stone Mining
37:22 Imperial Age
36:59 Hand Cart
37:26 Arbalester
38:25 Bracer
40:14 Chemistry
40:48 Ring Archer Armor
41:30 Conscription
47:00 Pikeman
47:41 Squires
47:45 Scale Mail Armor
47:55 Forging
48:40 Halberdier
51:02 Chain Mail Armor
51:22 Iron Casting
53:25 Plate Mail Armor
55:26 Two-Man Saw
55:06 Elite Skirmisher
55:51 Hul'che Javelineers
58:52 Blast Furnace
Connection lost

Rejoining the realm…

Still unreachable

The connection could not be restored.

Session expired

The server has moved on; the page needs a fresh start.